[Event "December 12 Late 2023"]
[Site "https://www.chess.com"]
[Date "2023.12.12"]
[Round "6"]
[White "Chocenka, Dmitrijus"]
[Black "Tokhirjonova, Gulrukhbegim"]
[Result "0-1"]
[Board "69"]
[TimeControl "180+1"]
[WhiteFideId "12802336"]
[BlackFideId "14203626"]
[WhiteElo "2499"]
[BlackElo "2638"]
[WhiteTeam "LTU"]
[BlackTeam "USA"]
[WhiteClock "0:00:18"]
[BlackClock "0:01:36"]

1. e4 e5 2. Nf3 Nc6 3. Bc4 Bc5 4. d3 Nf6 5. c3 d6 6. O-O a6 7. a4 h6 8. b4 Ba7 9. Re1 O-O 10. Bb3 Be6 11. h3 Nh5 12. d4 exd4 13. Bxe6 fxe6 14. Nxd4 Qh4 15. Be3 Nxd4 16. cxd4 e5 17. Nc3 Nf4 18. Bxf4 Rxf4 19. g3 Qg5 20. Ne2 Rf3 21. Qc1 Qg6 22. Qc4+ Kh7 23. Kg2 Raf8 24. Rf1 Qxe4 25. Kg1 exd4 26. Rad1 d5 27. Qa2 d3 28. Nc3 Rxg3+ 29. Kh2 Qg2# 0-1

[Event "December 12 Late 2023"]
[Site "https://www.chess.com"]
[Date "2023.12.12"]
[Round "6"]
[White "Herman, Matthew"]
[Black "Kleiman, Jake"]
[Result "0-1"]
[Board "70"]
[TimeControl "180+1"]
[WhiteFideId "2028964"]
[BlackFideId "2020041"]
[WhiteElo "2495"]
[BlackElo "2625"]
[WhiteTeam "USA"]
[BlackTeam "USA"]
[WhiteClock "0:00:00"]
[BlackClock "0:02:09"]

1. e4 c5 2. Nf3 e6 3. d4 cxd4 4. Nxd4 a6 5. Bd3 Qc7 6. c4 Nf6 7. Nc3 d6 8. O-O g6 9. Be3 Bg7 10. Rc1 O-O 11. b4 Nbd7 12. f4 b6 13. a3 Bb7 14. Qb3 Ng4 15. Nc2 Nxe3 16. Nxe3 Rac8 17. Kh1 Rfe8 18. Ne2 Nf6 19. Ng3 h5 20. Qb1 h4 21. Ne2 h3 22. gxh3 Qb8 23. Ng3 d5 24. cxd5 Rxc1 25. Rxc1 exd5 26. Kg1 dxe4 27. Be2 b5 28. Rf1 Qa7 29. Qb3 Nd5 0-1

[Event "December 12 Late 2023"]
[Site "https://www.chess.com"]
[Date "2023.12.12"]
[Round "6"]
[White "Kokoszczynski, Jan"]
[Black "Garcia Almaguer, Juan Manuel"]
[Result "1-0"]
[Board "71"]
[TimeControl "180+1"]
[WhiteFideId "1174460"]
[BlackFideId "5110491"]
[WhiteElo "2622"]
[BlackElo "2485"]
[WhiteTeam "POL"]
[BlackTeam "MEX"]
[WhiteClock "0:00:09"]
[BlackClock "0:00:00"]

1. d4 Nf6 2. Nf3 e6 3. Bf4 c5 4. e3 Nc6 5. c3 d5 6. Nbd2 Nh5 7. Bg5 Qb6 8. Qb3 h6 9. Bh4 g5 10. Bg3 Qd8 11. Bb5 c4 12. Qa4 Bd7 13. Ne5 Nxg3 14. hxg3 Nxe5 15. dxe5 Bxb5 16. Qxb5+ Qd7 17. Qxd7+ Kxd7 18. f4 Be7 19. Kf2 b5 20. Nf3 Kc6 21. Nd4+ Kb6 22. a3 a5 23. Rh5 Rag8 24. Rah1 gxf4 25. gxf4 Bf8 26. g3 Rg6 27. Kf3 Rhg8 28. R1h3 b4 29. axb4 axb4 30. Ne2 Kb5 31. Rh1 b3 32. Ra1 Bc5 33. Rh3 f6 34. exf6 Rxf6 35. Rah1 Ra8 36. g4 Ra2 37. Rb1 e5 38. f5 Rfa6 39. Rh2 Ra1 40. Rxa1 Rxa1 41. Rxh6 Rb1 42. g5 Rf1+ 43. Kg4 Rf2 44. Ng3 Bxe3 45. Rh8 Bc1 46. g6 Rg2 47. g7 Bf4 48. Rh3 Rxb2 49. g8=Q d4 50. Qd5+ Ka4 51. Rh7 1-0

[Event "December 12 Late 2023"]
[Site "https://www.chess.com"]
[Date "2023.12.12"]
[Round "6"]
[White "Saravana, Krishnan P."]
[Black "Rodriguez Fontecha, Marcos"]
[Result "0-1"]
[Board "72"]
[TimeControl "180+1"]
[WhiteFideId "5018382"]
[BlackFideId "2256576"]
[WhiteElo "2618"]
[BlackElo "2486"]
[WhiteTeam "IND"]
[BlackTeam "ESP"]
[WhiteClock "0:00:00"]
[BlackClock "0:00:08"]

1. Nf3 d5 2. g3 c6 3. Bg2 Nf6 4. O-O Bg4 5. d3 Nbd7 6. Nbd2 e5 7. e4 dxe4 8. dxe4 Be7 9. h3 Bh5 10. g4 Bg6 11. Nh4 O-O 12. Nf5 Re8 13. b3 Bf8 14. Bb2 Qc7 15. Qe2 Nc5 16. Nc4 b5 17. Nd2 Nfd7 18. Qe3 f6 19. Rae1 Ne6 20. Rd1 Nf4 21. Rfe1 Bf7 22. Nf1 Nc5 23. h4 Nce6 24. Bh1 h5 25. Qg3 hxg4 26. N1e3 Bh5 27. Nxg4 Kh8 28. Bf3 Bc5 29. Kh2 Rad8 30. Rg1 Rxd1 31. Bxd1 Bg6 32. Nge3 Bh7 33. h5 Rg8 34. Nh4 g6 35. hxg6 Nxg6 36. Qf3 Nef4 37. Nef5 Nxh4 38. Rxg8+ Kxg8 39. Nxh4 Qg7 40. Qg3 Bxe4 41. Bg4 Kf8 42. Qc3 Qe7 43. f3 Bd5 44. Qd2 Bb4 45. c3 Ba3 46. Bxa3 Qxa3 47. Nf5 Ke8 48. Ne3 Qf8 49. Kg1 Qh6 50. Qh2 Qxh2+ 51. Kxh2 Be6 52. Kg3 Kd7 53. Kf2 Bxg4 54. Nxg4 Ke6 55. Ke3 Nd5+ 56. Kd3 a5 57. Nf2 b4 58. c4 Nc3 0-1

[Event "December 12 Late 2023"]
[Site "https://www.chess.com"]
[Date "2023.12.12"]
[Round "6"]
[White "Dmitrenko, Viktor"]
[Black "Crevatin, Leo"]
[Result "0-1"]
[Board "73"]
[TimeControl "180+1"]
[WhiteFideId "14110270"]
[BlackFideId "1726307"]
[WhiteElo "2458"]
[BlackElo "2600"]
[WhiteTeam "UKR"]
[BlackTeam "SWE"]
[WhiteClock "0:00:00"]
[BlackClock "0:00:03"]

1. d4 Nf6 2. Nf3 d5 3. c4 e6 4. Nc3 Bb4 5. e3 O-O 6. Bd2 Nbd7 7. cxd5 exd5 8. Bd3 c6 9. O-O Re8 10. Qc2 Bd6 11. Rae1 Nf8 12. e4 dxe4 13. Nxe4 Nxe4 14. Bxe4 h6 15. Bc3 Be6 16. Ne5 Nd7 17. Bh7+ Kf8 18. Bf5 Bxf5 19. Qxf5 Nf6 20. Nc4 Rxe1 21. Rxe1 Be7 22. Na5 Qc7 23. Nb3 Kg8 24. Nc5 Bxc5 25. dxc5 Nd5 26. Bd2 Rd8 27. Qg4 Kh8 28. g3 Qd7 29. Qe2 Kg8 30. Ba5 Rf8 31. h4 Qf5 32. Bd2 Nf6 33. a3 Re8 34. Be3 Nd5 35. Qd2 Qf3 36. Bd4 Re4 37. Rd1 Rg4 38. Qd3 Qxd3 39. Rxd3 Re4 40. Kf1 f6 41. b4 h5 42. Bb2 a6 43. Bc1 Kf7 44. Bb2 Rc4 45. Ke2 Re4+ 46. Kf3 Re1 47. Rd2 Rb1 48. Ke2 Ke6 49. Kd3 Kf5 50. Kc4 Re1 51. Bd4 Rc1+ 52. Kb3 Re1 53. Kc4 Re4 54. Kd3 Re7 55. Kc4 Kg4 56. a4 Kf3 57. b5 axb5+ 58. axb5 Re1 59. bxc6 bxc6 60. Ra2 Ke4 61. Ba1 Rc1+ 62. Kb3 Kd3 63. Ka4 Rb1 64. Ra3+ Kc4 65. f3 g6 66. g4 Rb4+ 67. Ka5 Rb8 68. Ra4+ Kb3 0-1

[Event "December 12 Late 2023"]
[Site "https://www.chess.com"]
[Date "2023.12.12"]
[Round "6"]
[White "Kujawski, Adam"]
[Black "Kavyev, Ruslan"]
[Result "0-1"]
[Board "74"]
[TimeControl "180+1"]
[WhiteFideId "1100920"]
[BlackFideId "34110981"]
[WhiteElo "2358"]
[BlackElo "2589"]
[WhiteTeam "POL"]
[BlackTeam "RUS"]
[WhiteClock "0:00:00"]
[BlackClock "0:02:02"]

1. d4 Nf6 2. Bf4 c5 3. d5 Qb6 4. Nc3 Qxb2 5. Bd2 Qb6 6. e4 d6 7. f4 g6 8. e5 dxe5 9. fxe5 Ng4 10. Bb5+ Nc6 11. dxc6 bxc6 12. Be2 Nxe5 13. Rb1 Qc7 14. Nf3 Bg7 15. O-O O-O 16. Qe1 Be6 17. Bf4 Nxf3+ 18. Rxf3 Qa5 19. Kh1 Rad8 20. Ne4 Qxa2 21. Ng5 Bd5 22. Rf1 Qxc2 23. Bf3 e5 24. Bg3 Rde8 25. Be4 Qa2 26. Rb7 h6 0-1

[Event "December 12 Late 2023"]
[Site "https://www.chess.com"]
[Date "2023.12.12"]
[Round "6"]
[White "Shapiro, Daniel"]
[Black "Iskusnyh, Sergei"]
[Result "0-1"]
[Board "75"]
[TimeControl "180+1"]
[WhiteFideId "2001780"]
[BlackFideId "4120027"]
[WhiteElo "2310"]
[BlackElo "2580"]
[WhiteTeam "USA"]
[BlackTeam "RUS"]
[WhiteClock "0:00:00"]
[BlackClock "0:00:18"]

1. d4 d5 2. c4 c6 3. Nf3 Nf6 4. Qb3 dxc4 5. Qxc4 Bf5 6. Nc3 e6 7. Qb3 Qb6 8. Nd2 Na6 9. e4 Bg6 10. Be2 Rd8 11. O-O Rxd4 12. Qxb6 axb6 13. Nb3 Rd7 14. f3 Nc5 15. Be3 Be7 16. Rfd1 O-O 17. Nxc5 Bxc5 18. Bxc5 bxc5 19. Na4 Ra8 20. Nxc5 Rxd1+ 21. Rxd1 b6 22. Na4 b5 23. Nb6 Rb8 24. Nd7 Ra8 25. a3 h5 26. Nxf6+ gxf6 27. Rc1 Ra6 28. Kf2 f5 29. Ke3 fxe4 30. fxe4 e5 31. Rd1 Ra4 32. Bf3 b4 33. Ra1 h4 34. Bd1 Ra5 35. a4 Kg7 36. Bb3 c5 37. Rd1 c4 38. Bxc4 Rxa4 39. Bb3 Ra7 40. Rd5 Kf6 41. Rb5 Ra1 42. Rxb4 Rh1 43. h3 Ra1 44. Bd5 Kg5 45. Rb6 Rd1 46. Bc4 Rd4 47. Bd5 f5 48. b4 fxe4 49. Be6 Rd3+ 50. Ke2 Bh5+ 51. Kf2 e3+ 52. Kg1 Rd1+ 53. Kh2 e2 0-1

[Event "December 12 Late 2023"]
[Site "https://www.chess.com"]
[Date "2023.12.12"]
[Round "6"]
[White "Hajiyev, Kanan"]
[Black "Osmonbekov, Talaibek"]
[Result "1-0"]
[Board "76"]
[TimeControl "180+1"]
[WhiteFideId "13404148"]
[BlackFideId "2017253"]
[WhiteElo "2579"]
[BlackElo "2284"]
[WhiteTeam "AZE"]
[BlackTeam "USA"]
[WhiteClock "0:00:06"]
[BlackClock "0:00:00"]

1. d4 e6 2. Nf3 f5 3. c4 Nf6 4. g3 Be7 5. Bg2 O-O 6. O-O d6 7. b3 a5 8. Bb2 Na6 9. Nc3 Ne4 10. d5 Bf6 11. Qc1 Nxc3 12. Bxc3 e5 13. e4 Nc5 14. Nd2 f4 15. Qc2 g5 16. f3 fxg3 17. hxg3 b6 18. g4 Qe8 19. a3 Bd7 20. b4 Na4 21. Kf2 h5 22. gxh5 g4 23. Rh1 Bg5 24. Ke2 Nxc3+ 25. Qxc3 axb4 26. axb4 Rxa1 27. Rxa1 Qxh5 28. Rh1 gxf3+ 29. Bxf3 Bxd2 30. Qd3 Qg5 31. Rh5 Qf4 32. Rh1 Bxb4 33. Rg1+ Kf7 34. Bh5+ Ke7 35. Kd1 Rh8 36. Rf1 Qd2+ 37. Qxd2 Bxd2 38. Rf7+ Kd8 39. Bf3 Bf4 40. Ke2 Rh2+ 41. Kd3 Be8 42. Rf8 Ke7 43. Rg8 Rh3 44. Ke2 Rh2+ 45. Kd3 1-0

[Event "December 12 Late 2023"]
[Site "https://www.chess.com"]
[Date "2023.12.12"]
[Round "6"]
[White "Khater, Sherif"]
[Black "Flash_BJ"]
[Result "1/2-1/2"]
[Board "77"]
[TimeControl "180+1"]
[WhiteFideId "2034280"]
[WhiteElo "2563"]
[BlackElo "2220"]
[WhiteTeam "USA"]
[WhiteClock "0:00:19"]
[BlackClock "0:00:12"]

1. b3 g6 2. Bb2 Nf6 3. Nf3 Bg7 4. g3 O-O 5. Bg2 d6 6. O-O e5 7. d3 Re8 8. Nbd2 Nbd7 9. e4 c6 10. d4 Qc7 11. dxe5 dxe5 12. Re1 Nf8 13. Nc4 Bg4 14. h3 Bxf3 15. Bxf3 Rad8 16. Qe2 Ne6 17. Bxe5 Qe7 18. Rad1 Ng5 19. Bg2 Rxd1 20. Rxd1 b5 21. Bd6 Qe6 22. Na5 Ngxe4 23. Bb4 Nd5 24. Qxe4 Qxe4 25. Bxe4 Rxe4 26. Be1 Bc3 27. Bxc3 Nxc3 28. Rd8+ Kg7 29. Nxc6 Nxa2 30. Nxa7 Re2 31. Nxb5 Rxc2 32. Nd4 Rb2 33. Rb8 Nc1 34. b4 Nd3 35. b5 Nxf2 36. h4 Ne4 37. Rb7 Kf6 38. Rb6+ Ke5 39. Nf3+ Kd5 40. Rb7 f5 41. Rxh7 Rxb5 42. Rg7 Nxg3 43. Rxg6 Ne2+ 44. Kf2 Nd4 45. Nxd4 Kxd4 46. h5 Ke4 47. h6 Rb1 48. Kg2 Rb8 49. h7 Rh8 50. Rh6 Kf4 51. Kf2 Kg5 52. Rh1 Kg6 53. Kf3 Rxh7 54. Rxh7 Kxh7 55. Kf4 Kg6 56. Kf3 Kg5 57. Kg3 1/2-1/2

[Event "December 12 Late 2023"]
[Site "https://www.chess.com"]
[Date "2023.12.12"]
[Round "6"]
[White "Estrada Nieto, Julian"]
[Black "Tarnowska, Aleksandra"]
[Result "1/2-1/2"]
[Board "78"]
[TimeControl "180+1"]
[WhiteFideId "5101018"]
[BlackFideId "1180967"]
[WhiteElo "2542"]
[BlackElo "2193"]
[WhiteTeam "ESP"]
[BlackTeam "POL"]
[WhiteClock "0:00:12"]
[BlackClock "0:00:07"]

1. e4 c5 2. Nf3 e6 3. c3 d5 4. exd5 Qxd5 5. d4 Nf6 6. Na3 a6 7. Nc4 Nbd7 8. a4 cxd4 9. Qxd4 Bc5 10. Qxd5 exd5 11. Ne3 O-O 12. Be2 Re8 13. O-O Ng4 14. Nxg4 Rxe2 15. b4 Ba7 16. Be3 Bxe3 17. Nxe3 Nf6 18. Rfd1 Be6 19. Nd4 Rb2 20. b5 axb5 21. axb5 Rxa1 22. Rxa1 g6 23. f3 Nd7 24. Ra8+ Kg7 25. Rd8 Nc5 26. Nxd5 Bxd5 27. Rxd5 Nd3 28. Nf5+ gxf5 29. Rxd3 Rxb5 30. Kf2 Rc5 31. Kg3 b5 32. Kf4 f6 33. h4 Kg6 34. Ke3 h5 35. g3 Re5+ 36. Kd2 Rc5 37. Rd7 Rc4 38. f4 b4 39. Rd3 bxc3+ 40. Rxc3 Rd4+ 41. Ke3 Ra4 42. Rc8 Re4+ 43. Kf3 Rb4 44. Rg8+ Kh7 45. Rf8 Kg7 46. Rd8 Rb3+ 47. Kg2 Kg6 48. Rg8+ Kh7 49. Re8 Kg6 50. Re2 Kh7 51. Rf2 Kg6 52. Rf3 Rb2+ 53. Rf2 Rb3 54. Rf3 Rb2+ 55. Kh3 Rb1 56. Rc3 Rb2 57. Rc7 Rb1 58. Rc8 Rb2 59. Rh8 Rb1 60. Rg8+ Kh7 61. Rd8 Kg6 62. Rd6 Rb2 63. Re6 Kg7 64. Re1 Kg6 65. Rg1 Rc2 66. Rg2 Rc1 67. Re2 Rd1 68. Kg2 Rd3 69. Kf2 Rb3 70. Re3 Rb2+ 71. Kf1 Rh2 72. Ke1 Rh1+ 73. Kd2 Rg1 74. Kc3 Rd1 75. Kc2 Rd5 76. Kc3 Rd1 77. Kc4 Rd2 78. Kc5 Rd1 79. Kc4 Rd2 80. Rd3 Re2 81. Kd5 Re4 82. Kd6 Re1 83. Kd5 Re2 84. Kd4 Re1 85. Re3 Rd1+ 86. Kc5 Rd2 87. Kc4 Rd1 88. Rd3 Re1 89. Kd4 Re4+ 90. Kd5 1/2-1/2

[Event "December 12 Late 2023"]
[Site "https://www.chess.com"]
[Date "2023.12.12"]
[Round "6"]
[White "Rustemov, Alexander"]
[Black "Arnold, Ken"]
[Result "1-0"]
[Board "79"]
[TimeControl "180+1"]
[WhiteFideId "4119002"]
[BlackFideId "2056836"]
[WhiteElo "2799"]
[BlackElo "2453"]
[WhiteTeam "RUS"]
[BlackTeam "USA"]
[WhiteClock "0:00:50"]
[BlackClock "0:00:13"]

1. d4 Nf6 2. c4 e6 3. Nf3 b6 4. a3 Bb7 5. Nc3 Be7 6. Qc2 d5 7. cxd5 Nxd5 8. Bd2 O-O 9. e4 Nxc3 10. Bxc3 c5 11. Rd1 cxd4 12. Nxd4 Qc8 13. Bd3 Nc6 14. Nf3 Ba6 15. O-O Bxd3 16. Qxd3 Rd8 17. Qc4 Na5 18. Qxc8 Raxc8 19. Bxa5 bxa5 20. Rxd8+ Bxd8 21. Rd1 g6 22. Kf1 Bf6 23. e5 Bd8 24. Ke2 Bb6 25. Ne1 Kg7 26. f4 h6 27. h4 g5 28. fxg5 hxg5 29. hxg5 Kg6 30. Rd7 Rc5 31. Nd3 Rc2+ 32. Kf3 Kg7 33. g3 a4 34. Nf4 Rxb2 35. Nxe6+ Kg6 36. Nf4+ Kxg5 37. Rxf7 Rb3+ 38. Ke4 Re3+ 39. Kd5 Rxg3 40. e6 Rxa3 41. e7 Re3 42. Ne6+ 1-0

[Event "December 12 Late 2023"]
[Site "https://www.chess.com"]
[Date "2023.12.12"]
[Round "6"]
[White "Weisz, Bryan"]
[Black "Karttunen, Mika"]
[Result "0-1"]
[Board "80"]
[TimeControl "180+1"]
[WhiteFideId "30934133"]
[BlackFideId "502081"]
[WhiteElo "2446"]
[BlackElo "2638"]
[WhiteTeam "USA"]
[BlackTeam "FIN"]
[WhiteClock "0:00:12"]
[BlackClock "0:00:51"]

1. e4 e6 2. Nf3 d5 3. Nc3 Nf6 4. e5 Nfd7 5. d4 b6 6. Bd3 Ba6 7. O-O Bxd3 8. Qxd3 Be7 9. Ne2 c5 10. c3 Nc6 11. Ng3 g6 12. Bh6 Bf8 13. Bg5 Be7 14. Bh6 c4 15. Qe3 Bf8 16. Bg5 Be7 17. Bh6 Bf8 18. b3 Na5 19. b4 Nb7 20. a4 a6 21. Nd2 Rg8 22. Bg5 Be7 23. f4 Qc7 24. Rae1 Nf8 25. h4 h6 26. Bxh6 Bxh4 27. Bxf8 Rxf8 28. f5 Bxg3 29. Qxg3 gxf5 30. Nf3 O-O-O 31. Ng5 Rg8 32. Qf4 Qe7 33. Nf3 Rg4 34. Qh2 Rdg8 35. Rf2 Qf8 36. Ree2 Rh8 37. Re3 Rxh2 38. Nxh2 Rg8 39. Rff3 Qg7 40. Re2 Qh6 41. Nf1 Nd8 42. Kf2 Nc6 43. Rh3 Qg7 44. Rg3 Qf8 45. Rh3 Ne7 46. Ng3 Qg7 47. Kf3 Qg4+ 48. Kf2 f4 0-1

[Event "December 12 Late 2023"]
[Site "https://www.chess.com"]
[Date "2023.12.12"]
[Round "6"]
[White "Urbina Perez, Juan Antonio"]
[Black "Mirzoev, Azer"]
[Result "0-1"]
[Board "81"]
[TimeControl "180+1"]
[WhiteFideId "2217368"]
[BlackFideId "13400304"]
[WhiteElo "2443"]
[BlackElo "2602"]
[WhiteTeam "ESP"]
[BlackTeam "AZE"]
[WhiteClock "0:00:21"]
[BlackClock "0:00:41"]

1. d4 d5 2. Nf3 e6 3. c4 c6 4. g3 f5 5. Bg2 Nf6 6. O-O Bd6 7. Nfd2 O-O 8. Nc3 f4 9. e4 fxe3 10. fxe3 Bc7 11. e4 Na6 12. a3 dxe4 13. Ndxe4 Nxe4 14. Nxe4 Rxf1+ 15. Bxf1 e5 16. Be3 exd4 17. Qxd4 Bf5 18. Bg2 Bb6 19. Qxd8+ Rxd8 20. Bxb6 axb6 21. Nc3 Nc5 22. b4 Nb3 23. Rd1 Rxd1+ 24. Nxd1 Nd2 25. Ne3 Be6 26. Bf1 Nxf1 27. Kxf1 Kf7 28. Ke2 Kf6 29. Kd3 Ke5 30. a4 c5 31. bxc5 bxc5 32. a5 h6 33. Ng2 Bf5+ 34. Ke3 g5 35. h4 Bh3 36. Ne1 Be6 37. hxg5 hxg5 38. Nd3+ Kd6 39. Ke4 Bxc4 40. Ne5 Be6 41. Nf3 Bd5+ 42. Ke3 Bxf3 43. Kxf3 c4 44. Ke4 Kc5 45. Kf5 c3 46. Kxg5 c2 0-1

[Event "December 12 Late 2023"]
[Site "https://www.chess.com"]
[Date "2023.12.12"]
[Round "6"]
[White "Assylov, Miras"]
[Black "Lopusiewicz, Piotr"]
[Result "1-0"]
[Board "82"]
[TimeControl "180+1"]
[WhiteFideId "13728873"]
[BlackFideId "1116029"]
[WhiteElo "2565"]
[BlackElo "2437"]
[WhiteTeam "KAZ"]
[BlackTeam "POL"]
[WhiteClock "0:00:07"]
[BlackClock "0:00:05"]

1. b3 e5 2. Bb2 Nc6 3. e3 d5 4. Bb5 Ne7 5. Bxe5 a6 6. Bxc6+ Nxc6 7. Bg3 h5 8. h4 Bg4 9. Ne2 Qf6 10. d4 O-O-O 11. f3 Bf5 12. a3 Bd6 13. Bxd6 Qxd6 14. Qd2 Qg6 15. Nf4 Qd6 16. Nc3 Ne7 17. a4 f6 18. Nd3 Rhe8 19. O-O-O Qa3+ 20. Kb1 Nc6 21. Rhe1 Rd6 22. Qc1 Qxc1+ 23. Kxc1 Nd8 24. Nf4 c6 25. Nxh5 Rd7 26. g4 Be6 27. Nf4 Bf7 28. h5 Rde7 29. Kd2 a5 30. Re2 b6 31. Rg1 Nb7 32. Nd1 Nd6 33. Nf2 Kd7 34. N2d3 Rc8 35. g5 c5 36. dxc5 bxc5 37. gxf6 gxf6 38. Ng6 Ree8 39. Nf2 c4 40. Ng4 Re6 41. Nf4 cxb3 42. cxb3 Rb8 43. Nxe6 Kxe6 44. Kc3 Nb7 45. e4 Nc5 46. exd5+ Kxd5 47. Nxf6+ Kc6 48. Ne4 Rxb3+ 49. Kc2 Nxa4 50. Rg7 Rb2+ 51. Kd1 Rb1+ 52. Kd2 Bc4 53. Rg6+ Kc7 54. Reg2 Rb2+ 55. Ke3 Rb3+ 56. Kf4 Bd3 57. h6 Bxe4 58. fxe4 Nc5 59. h7 Nd3+ 60. Kf5 Rb5+ 61. Kf6 Ne5 62. h8=Q Nd7+ 63. Ke7 Rb7 64. Qd8# 1-0

[Event "December 12 Late 2023"]
[Site "https://www.chess.com"]
[Date "2023.12.12"]
[Round "6"]
[White "Grinev, Valeriy"]
[Black "Buchenau, Frank"]
[Result "1-0"]
[Board "83"]
[TimeControl "180+1"]
[WhiteFideId "14117517"]
[BlackFideId "4604350"]
[WhiteElo "2565"]
[BlackElo "2421"]
[WhiteTeam "UKR"]
[BlackTeam "GER"]
[WhiteClock "0:01:46"]
[BlackClock "0:00:00"]

1. e4 e6 2. d4 d5 3. e5 c5 4. c3 Qb6 5. Nf3 Bd7 6. a4 Nc6 7. b3 cxd4 8. cxd4 Rc8 9. Bd2 Na5 10. Bb5 Nc6 11. O-O Nge7 12. Bc3 a6 13. Bd3 Nb4 14. Bb2 Nxd3 15. Qxd3 Nc6 16. Nbd2 Nb4 17. Qb1 Be7 18. Rc1 O-O 19. Ne1 Bg5 20. Rxc8 Rxc8 21. Ndf3 Bh6 22. Qd1 Qc7 23. g4 Bf4 24. Ba3 Qc3 25. Bxb4 Qxb4 26. Nd3 1-0

[Event "December 12 Late 2023"]
[Site "https://www.chess.com"]
[Date "2023.12.12"]
[Round "6"]
[White "Santos Flores, Alberto"]
[Black "Bold, Andre"]
[Result "0-1"]
[Board "84"]
[TimeControl "180+1"]
[WhiteFideId "3601234"]
[BlackFideId "16208471"]
[WhiteElo "2542"]
[BlackElo "2436"]
[WhiteTeam "ECU"]
[BlackTeam "GER"]
[WhiteClock "0:01:45"]
[BlackClock "0:01:06"]

1. e4 c6 2. c4 d5 3. exd5 cxd5 4. cxd5 Nf6 5. Qa4+ Nbd7 6. Bc4 g6 7. Nc3 Bg7 8. d3 O-O 9. Nf3 a6 10. Qa3 Nb6 11. Qb3 Bg4 12. Ne5 Bf5 13. O-O Rc8 14. Re1 Nfd7 15. Nxd7 Bxd7 16. Be3 Nxc4 17. dxc4 Qc7 18. c5 e6 19. Rad1 Rfe8 20. Qc4 exd5 21. Nxd5 Qc6 22. Nb6 Be6 23. Qc2 Qxb6 24. b3 Qc7 25. b4 Bf5 26. Qc4 Qc6 27. Rd6 Qxd6 0-1

[Event "December 12 Late 2023"]
[Site "https://www.chess.com"]
[Date "2023.12.12"]
[Round "6"]
[White "Rees, Ioan"]
[Black "Melikhov, Evgeny V."]
[Result "1/2-1/2"]
[Board "85"]
[TimeControl "180+1"]
[WhiteFideId "1801236"]
[BlackFideId "4122046"]
[WhiteElo "2532"]
[BlackElo "2410"]
[WhiteTeam "WLS"]
[BlackTeam "GRE"]
[WhiteClock "0:00:40"]
[BlackClock "0:00:05"]

1. e4 e5 2. Nf3 Nc6 3. Bc4 Nf6 4. d3 Be7 5. Nc3 d6 6. a4 a5 7. O-O O-O 8. Bg5 h6 9. Bxf6 Bxf6 10. Nd5 Be6 11. c3 g6 12. Qb3 b6 13. Rad1 Bg7 14. h3 Ne7 15. d4 Bxd5 16. Bxd5 Nxd5 17. Qxd5 exd4 18. Nxd4 Bxd4 19. Rxd4 Qe7 20. f4 Rae8 21. b4 axb4 22. cxb4 Qd7 23. a5 bxa5 24. bxa5 c6 25. Qxd6 Qxd6 26. Rxd6 Rxe4 27. Rxc6 Ra4 28. Ra6 Ra2 29. f5 gxf5 30. Rxf5 Re8 31. Rxh6 Ree2 32. Rg5+ Kf8 33. Ra6 Rec2 34. Ra7 Rc1+ 35. Kh2 Rca1 36. h4 Ra4 37. g3 R4a2+ 38. Kh3 Rh1+ 39. Kg4 Ra4+ 40. Kh5 Rg1 41. g4 Rh1 42. Rf5 Kg8 43. Rfxf7 Rxa5+ 44. Rxa5 Kxf7 45. Ra7+ Kg8 46. Kg6 Kf8 47. h5 Rb1 48. Ra6 Rb7 49. g5 Rb8 50. Kf6 Kg8 51. Rd6 Kh8 52. Ke7 Rg8 53. g6 Kg7 54. h6+ Kxh6 55. Kf7 Rg7+ 56. Kf8 Rxg6 57. Rd1 Rf6+ 58. Ke7 Rg6 59. Kf7 Rg7+ 60. Kf6 Rg6+ 61. Kf5 Rg5+ 62. Kf6 Rg6+ 63. Kf5 Rg5+ 64. Kf4 Rg6 65. Rd7 Rg7 66. Rd8 Rg6 67. Kf5 Rg5+ 68. Kf6 Rg6+ 69. Kf5 Rg5+ 70. Kf4 Rg6 71. Rh8+ Kg7 72. Ra8 Rf6+ 73. Kg5 Rg6+ 74. Kf5 Rf6+ 75. Ke5 Rg6 76. Ra7+ Kh6 77. Kf5 Rg5+ 78. Kf4 Rg6 79. Ra8 Rg7 80. Kf5 Rf7+ 81. Ke6 Rg7 82. Rh8+ Kg6 83. Rh1 Ra7 84. Rg1+ Kh6 85. Rh1+ Kg6 86. Rg1+ Kh6 87. Rh1+ Kg6 1/2-1/2

[Event "December 12 Late 2023"]
[Site "https://www.chess.com"]
[Date "2023.12.12"]
[Round "6"]
[White "Rodgers, Jack"]
[Black "Zeneli, Klendi"]
[Result "1-0"]
[Board "86"]
[TimeControl "180+1"]
[WhiteFideId "3220885"]
[BlackFideId "4706609"]
[WhiteElo "2520"]
[BlackElo "2403"]
[WhiteTeam "AUS"]
[BlackTeam "ALB"]
[WhiteClock "0:00:15"]
[BlackClock "0:00:09"]

1. d4 d5 2. Bg5 f6 3. Bh4 Nh6 4. f3 e5 5. dxe5 Nf5 6. Bf2 fxe5 7. e4 dxe4 8. Qxd8+ Kxd8 9. fxe4 Nd4 10. Bxd4 exd4 11. Nf3 Nc6 12. Nbd2 Bb4 13. O-O-O Ke7 14. Nb3 Bg4 15. Nbxd4 Nxd4 16. Rxd4 Bc5 17. Rd1 Rhf8 18. Be2 Rf4 19. e5 Re4 20. Bd3 Re3 21. Bxh7 Re2 22. h3 Be6 23. g4 Bxa2 24. Nd4 Bxd4 25. Rxd4 Be6 26. Re4 Rg2 27. Re3 Rf8 28. Bd3 Rff2 29. b3 a5 30. Kb2 b5 31. Rc1 a4 32. bxa4 bxa4 33. Bb5 Bb3 34. Rc3 Kd8 35. e6 Bxe6 36. Bxa4 Rh2 37. Rd1+ Kc8 38. Re1 Re2 39. Rxe2 Rxe2 40. Bb3 Bd7 41. Bc4 Rh2 42. Ba6+ Kb8 43. Rb3+ Ka7 44. Bc4 Bc6 45. Rc3 Be4 46. Be6 Kb6 47. g5 c5 48. Bg4 Rg2 49. Kb3 Rg1 50. Kb2 c4 51. Rxc4 Bd5 52. Rc3 Rg3 53. Rxg3 Kc5 54. Kc3 Bc4 55. Kd2 Bd5 56. Ke3 Kc4 57. Kf4 g6 58. h4 Bf7 59. Ke5 Kc5 60. Kf6 Be8 61. Kg7 Kd6 62. Kh6 Ke5 63. h5 gxh5 64. Bxh5 Bd7 65. g6 Be6 66. Rg1 Bg8 67. g7 Kd4 68. Bg6 Kc3 69. Bh7 Bd5 70. g8=Q Bxg8 71. Bxg8 Kxc2 72. Bh7+ Kd2 73. Rg5 Ke3 74. Kg6 1-0

[Event "December 12 Late 2023"]
[Site "https://www.chess.com"]
[Date "2023.12.12"]
[Round "6"]
[White "Marchesich, Giovanni"]
[Black "Sroczynski, Maciej"]
[Result "0-1"]
[Board "87"]
[TimeControl "180+1"]
[WhiteFideId "2824790"]
[BlackFideId "1121472"]
[WhiteElo "2402"]
[BlackElo "2520"]
[WhiteTeam "ITA"]
[BlackTeam "POL"]
[WhiteClock "0:01:02"]
[BlackClock "0:00:28"]

1. d4 d5 2. Bg5 c6 3. e3 Bf5 4. c3 Nd7 5. Bd3 Bxd3 6. Qxd3 Ngf6 7. Nd2 e5 8. dxe5 Nxe5 9. Qd4 Bd6 10. Ngf3 Qe7 11. O-O h6 12. Bh4 Nxf3+ 13. Nxf3 g5 14. Bg3 Bxg3 15. hxg3 O-O 16. Rad1 c5 17. Qe5 Rfe8 18. Qf5 Qe6 19. Qxe6 Rxe6 20. Rd2 a5 21. Rfd1 b5 22. Ne1 b4 23. Nd3 c4 24. Nc1 bxc3 25. bxc3 Rb8 26. Ne2 Reb6 27. Nd4 Rb2 28. Nf5 Rxd2 29. Rxd2 Rb1+ 30. Kh2 Ng4+ 31. Kh3 h5 32. Nh6+ Nxh6 33. g4 Nxg4 34. Kg3 Rb5 35. Rd1 Nf6 36. Rh1 Kg7 37. Kf3 Kg6 38. Rd1 Rb2 39. Ra1 a4 40. a3 Kf5 41. Rh1 h4 42. g4+ Nxg4 43. Rd1 0-1

[Event "December 12 Late 2023"]
[Site "https://www.chess.com"]
[Date "2023.12.12"]
[Round "6"]
[White "Rios Escobar, Adan"]
[Black "Shapiro, Viktor"]
[Result "0-1"]
[Board "88"]
[TimeControl "180+1"]
[WhiteFideId "3403645"]
[BlackFideId "4175700"]
[WhiteElo "2390"]
[BlackElo "2516"]
[WhiteTeam "CHI"]
[BlackTeam "RUS"]
[WhiteClock "0:00:14"]
[BlackClock "0:00:24"]

1. Nf3 Nf6 2. c4 c5 3. Nc3 Nc6 4. g3 d6 5. Bg2 e6 6. O-O Be7 7. a3 a6 8. Rb1 Rb8 9. b4 cxb4 10. axb4 b5 11. cxb5 axb5 12. d4 d5 13. Ne5 Nxe5 14. dxe5 Ng4 15. e4 Nxe5 16. exd5 O-O 17. Qe2 Ng6 18. Rd1 e5 19. d6 Bf6 20. Nxb5 Ba6 21. Bc6 Rb6 22. Qc4 Qc8 23. Na7 Bxc4 24. Nxc8 Rxc8 25. Ba4 Bb5 26. Be3 Rbb8 27. d7 Rd8 28. Bxb5 Rxb5 29. Rbc1 Nf8 30. Rc8 Ne6 31. Bc5 g5 32. Kf1 Kg7 33. Ke2 Rb7 34. Rxd8 Bxd8 35. Ke3 f6 36. Ke4 Kf7 37. Kf5 Be7 38. Ke4 Bxc5 39. Kd5 Be7 40. Kc6 Nd8+ 41. Kd5 Rxd7+ 42. Kc4 Rxd1 43. b5 Rb1 44. b6 Rxb6 45. f3 Rd6 46. g4 Rd4+ 47. Kb5 Rf4 48. h4 Ne6 49. h5 Nd4+ 50. Kb6 Nxf3 51. Kc7 Nh2 52. h6 Nxg4 53. Kd7 Nxh6 54. Kc6 Nf5 55. Kc7 h5 56. Kd7 h4 57. Kc7 h3 58. Kc6 h2 59. Kc7 h1=Q 60. Kd7 Qd1+ 61. Kc7 Rc4+ 62. Kb6 Qb3+ 63. Ka6 Ra4# 0-1